AoeStats
← geezeweezebabypls

Arabia

510825430Analyzed
1v1 RM · 16h ago on Oct 2, 2026· 19m 36s· 2 players
Game mode
Random Map
Map size
Tiny (2 player)
Population
200
Speed
Normal
Resources
Standard
Victory
Conquest
Starting age
Dark Age
Ending age
Imperial Age
RankedLock teamsTeams togetherTeam positionsShared explorationLock speedFull tech treeHidden civsTurbo modeCheats
Victory
Defeat
🇬🇧 Bulgarians · United Kingdom
789
+14
🇨🇱 Aztecs · Chile
755
-14
mustelidox
2:30 Loom
10:27 Feudal Age
11:50 Wheelbarrow
11:02 Double-Bit Axe
13:07 Horse Collar
19:38 Fletching
geezeweezebabypls
0:37 Loom
11:07 Feudal Age
12:51 Arson
13:25 Arson
15:33 Forging
15:24 Scale Mail Armor
Connection lost

Rejoining the realm…

Still unreachable

The connection could not be restored.

Session expired

The server has moved on; the page needs a fresh start.